 Dungeon Crawl Stone Soup version 0.31-a0-232-gb1c03b2570 (webtiles) character file.

Game seed: 2771905893963618810

91 qw the Shooter (level 4, -3/36 HPs)
             Began as a Minotaur Hexslinger on July 7, 2023.
             Slain by a gnoll
             ... wielding a +0 halberd
              (4 damage)
             ... on level 3 of the Dungeon.
             The game lasted 00:00:53 (1723 turns).

qw the Shooter (Minotaur Hexslinger)                Turns: 1723, Time: 00:00:53

Health: -3/36      AC:  3    Str: 16    XL:     4   Next: 34%
Magic:  13/13      EV: 12    Int: 10    God:
Gold:   194        SH:  0    Dex: 14    Spells: 4/5 levels left

rFire   . . .        Y - +3 sling
rCold   . . .        (no shield)
rNeg    . . .        g - +1 robe of the Iron Devil {Drain rElec MP+9 Str+3}
rPois   .            (helmet restricted)
rElec   +            (no cloak)
rCorr   .            (no gloves)
SInv    .            (no boots)
Will    .....        (no amulet)
Stlth   +            (no ring)
HPRegen 0.26/turn    (no ring)
MPRegen 0.13/turn

%: no passive effects
@: about to teleport
A: horns 2, retaliatory headbutt
a: no special abilities


You were on level 3 of the Dungeon.
You visited 1 branch of the dungeon, and saw 3 of its levels.

You collected 194 gold pieces.


Innate Abilities, Weirdness & Mutations

You have a pair of horns on your head.
You reflexively headbutt those who attack you in melee.


   Skills:
 - Level 2.0 Fighting
 + Level 4.9 Ranged Weapons
 - Level 2.1 Dodging
 - Level 1.0 Spellcasting
 - Level 2.0 Hexes


You had 4 spell levels left.
You knew the following spells:

 Your Spells              Type           Power      Damage    Failure   Level
a - Slow                  Hex            16%        N/A       16%         1

Your spell library contained the following spells:

 Spells                   Type           Power      Damage    Failure   Level
 Inner Flame              Hex/Fire       2%         N/A       56%         3
 Portal Projectile        Hex/Tloc       4%         N/A       56%         3
 Cause Fear               Hex            2%         N/A       83%         4

Inventory:

Hand Weapons
 Y - a +3 sling (weapon)
Armour
 b - a +1 leather armour of positive energy
 g - the +1 robe of the Iron Devil (worn) {Drain rElec MP+9 Str+3}
   (You found it on level 2 of the Dungeon)

   Str:       It affects your strength (+3).
   rElec:     It insulates you from electricity.
   MP:        It affects your magic capacity (+9).
   Drain:     It drains your maximum health when unequipped.
Scrolls
 a - a scroll of identify
 l - 2 scrolls of teleportation
Potions
 c - a potion of degeneration {unknown}
 e - a potion of heal wounds

Dungeon Overview and Level Annotations

Branches:
Dungeon (3/15)

Altars:

Shops:
D:1 [


Message History

You now have 194 gold pieces (gained 6).
Found a leather armour.
Enter note:
Enter note: You see here a +0 leather armour.
A gnoll comes into view. It is wielding a +0 halberd.
Enter note:
Enter note:
Enter note:
Enter note: You shoot a sling bullet.
The sling bullet hits the gnoll.
The gnoll shouts!
The gnoll is heavily wounded.
You hear a shout!
A gnoll comes into view. It is wielding a +0 spear.
1716 ||| Stepping ~*~*~tactically~*~*~ (outnumbered).
You see here a +0 leather armour.
A gnoll comes into view. It is wielding a +0 spear.
You shoot a sling bullet. The sling bullet hits the gnoll.
The gnoll is moderately wounded.
You shoot a sling bullet. The sling bullet hits the gnoll.
The gnoll is severely wounded.
The gnoll hits you from afar with a +0 halberd!
You shoot a sling bullet.
The sling bullet closely misses the gnoll.
The gnoll barely misses you.
The gnoll hits you from afar with a +0 halberd.
You shoot a sling bullet.
The sling bullet closely misses the gnoll.
The gnoll closely misses you.
You shoot a sling bullet. The sling bullet hits the gnoll.
The gnoll is almost dead.
The gnoll closely misses you.
The gnoll hits you from afar with a +0 halberd!
1723 ||| READING 3 scrolls of teleportation.
As you read the scroll of teleportation, it crumbles to dust.
You feel strangely unstable.
The gnoll hits you from afar with a +0 spear.
The gnoll hits you from afar with a +0 halberd.
You die...

# ######### ###
#.g..g..g ..# ##.##
#.### ####[@.#
....########....#.g.....
.............##...######
#.#.########.###.##
#.#.## #.# .#
.....#######.# .#
..#.......##.# ..
..#.......##.# ##
#.#.......##.#######


You could see 2 gnolls.

Vanquished Creatures
  An adder (D:2)
  A worm (D:2)
  6 dart slugs
  5 orcs (D:3)
  5 ball pythons
  4 endoplasms
  7 goblins
  5 hobgoblins
  2 quokkas
  6 bats
  3 frilled lizards
  7 kobolds
  10 rats
62 creatures vanquished.

Notes
Turn   | Place    | Note
-------+----------+-------------------------------------------
     0 | D:1      | qw the Minotaur Hexslinger began the quest for the Orb.
     0 | D:1      | Reached XP level 1. HP: 16/16 MP: 1/1
     0 | D:1      | 0 ||| qw: Version: 0.3-a-46-gb1f654a
     0 | D:1      | 0 ||| qw: Game counter: 2167
     0 | D:1      | 0 ||| qw: Melee chars always use a shield: true
     0 | D:1      | 0 ||| qw: God list: Okawaru
     0 | D:1      | 0 ||| qw: Allow faded altars: false
     0 | D:1      | 0 ||| qw: Do Orc after clearing Dungeon:15 true
     0 | D:1      | 0 ||| qw: Do second Lair branch before Depths: true
     0 | D:1      | 0 ||| qw: Lair rune preference: random
     0 | D:1      | 0 ||| qw: Goals: Normal
     0 | D:1      | 0 ||| PLANNING D:1-11
    74 | D:1      | Reached skill level 3 in Ranged Weapons
    74 | D:1      | Reached XP level 2. HP: 23/23 MP: 2/2
   211 | D:1      | Found Evala's Antique Armour Shoppe.
   219 | D:1      | 219 ||| SHOPLISTING embroidered robe (62 gold, have 25).
   219 | D:1      | 219 ||| SHOPLISTING jade-encrusted leather armour (119
                  | gold, have 25).
   219 | D:1      | 219 ||| SHOPLISTING leather armour (34 gold, have 25).
   428 | D:1      | Reached XP level 3. HP: 29/29 MP: 3/3
   538 | D:1      | 538 ||| READING 3 scrolls labelled WEHEUNL TOHAW.
   539 | D:1      | 539 ||| READING scroll labelled TIMITRU CAOLA.
   540 | D:1      | 540 ||| READING scroll labelled QEBROU TENA.
   541 | D:1      | 541 ||| READING scroll labelled HYETEU AMIGGO.
   542 | D:1      | 542 ||| READING scroll labelled SOKLA YXIEPILO.
   547 | D:1      | 547 ||| DRINKING 2 metallic yellow potions.
   548 | D:1      | 548 ||| DROPPING scroll of poison.
   600 | D:2      | Reached skill level 4 in Ranged Weapons
   705 | D:2      | Identified the +1 robe of the Iron Devil {Drain rElec MP+9
                  | Str+3}
   851 | D:2      | Identified the +7 mace "Daink" {flame, rC+ Will+}
   925 | D:2      | Reached XP level 4. HP: 36/36 MP: 4/4
  1230 | D:2      | 1230 ||| UPGRADING to +1 robe of the Iron Devil {Drain
                  | rElec MP+9 Str+3}.
  1240 | D:2      | 1240 ||| DROPPING +0 robe.
  1310 | D:2      | 1310 ||| READING 2 scrolls labelled KIYXTU DUIXUU.
  1411 | D:2      | 1411 ||| READING 2 scrolls labelled GEGOIHUEPI.
  1412 | D:2      | 1412 ||| READING scroll labelled BAITTE TUSS.
  1413 | D:2      | 1413 ||| READING scroll labelled DIXZAE ASOPTIMMEA.
  1414 | D:2      | 1414 ||| READING scroll labelled CUOTHO SAAZITEM.
  1415 | D:2      | 1415 ||| READING 3 scrolls of identify.
  1415 | D:2      | 1415 ||| IDENTIFYING puce potion
  1416 | D:2      | 1416 ||| READING 2 scrolls of identify.
  1416 | D:2      | 1416 ||| IDENTIFYING dark potion
  1417 | D:2      | 1417 ||| DROPPING scroll of silence.
  1418 | D:2      | 1418 ||| DROPPING scroll of amnesia.
  1419 | D:2      | 1419 ||| DROPPING potion of attraction.
  1420 | D:2      | 1420 ||| DROPPING potion of magic.
  1488 | D:3      | 1488 ||| FLEEEEING.
  1491 | D:3      | 1491 ||| STAIRDANCE
  1574 | D:3      | Found a faded altar of an unknown god.
  1671 | D:3      | 1671 ||| READING scroll of enchant weapon.
  1671 | D:3      | 1671 ||| ENCHANTING +2 sling.
  1716 | D:3      | 1716 ||| Stepping ~*~*~tactically~*~*~ (outnumbered).
  1722 | D:3      | HP: 6/36 [gnoll/+0 halberd (12)]
  1723 | D:3      | 1723 ||| READING 3 scrolls of teleportation.
  1723 | D:3      | HP: 1/36 [gnoll/+0 spear (6)]
  1723 | D:3      | Slain by a gnoll

Levels and vault maps discovered:
D:1:      eino_arrival_water_cross, layout_basic, serial_shops,
          nicolae_square_shop, minmay_nonomino_d4
D:2:      layout_basic, skrybe_limestone_x, kennysheep_generic_room_7
D:3:      layout_loops_ring, gammafunk_ghost_grave,
          shapermc_ecumenical_altar_gd, uniq_natasha

Skill      XL: |  1  2  3 |
---------------+----------+-----
Ranged Weapons | 3 4 |  4.9
Fighting       | 2 |  2.0
Dodging        | |  2.1
Spellcasting   | |  1.0
Hexes          | |  2.0

Action                     |  1- 3 |  4- 6 || total
---------------------------+-------+-------++-------
   Fire: Sling             |   131 |    46 ||   177
    Use: Scroll            |     5 |     9 ||    14
         Potion            |     1 |       ||     1
 Armour: Robe              |     9 |     2 ||    11
  Dodge: Dodged            |    22 |     8 ||    30

Table legend:
 A = Non-vault XP
 B = Vault XP
 C = Vault XP percentage of total XP
 D = Non-vault monster count
 E = Vault monster count
 F = Vault count percentage of total count
                 A         B        C        D         E       F
            +---------+---------+-------+---------+---------+-------
      Total |     110 |      21 |  16.0 |      53 |       9 |  14.5
            +---------+---------+-------+---------+---------+-------
        D:1 |      35 |      11 |  23.9 |      22 |       5 |  18.5
        D:2 |      45 |      10 |  18.2 |      17 |       4 |  19.0
        D:3 |      30 |       0 |   0.0 |      14 |       0 |   0.0
            +---------+---------+-------+---------+---------+-------
